 Dungeon Crawl Stone Soup version 0.23-a0-261-g133332c (webtiles) character file.

849 mandick the Slinger (level 8, -4/57 HPs)
             Began as a Halfling Hunter on Sept 30, 2018.
             Was a Follower of Nemelex Xobeh.
             Shot with a sling bullet by Joseph (10 damage)
             ... on level 7 of the Dungeon.
             The game lasted 00:18:18 (4884 turns).

mandick the Slinger (Halfling Hunter)               Turns: 4884, Time: 00:18:19

Health: -4/57      AC:  4    Str: 14    XL:     8   Next: 21%
Magic:  8/8        EV: 15    Int:  9    God:    Nemelex Xobeh [*.....]
Gold:   371        SH:  0    Dex: 16    Spells: 7/7 levels left

rFire    . . .     SeeInvis .   a - +2 hunting sling
rCold    . . .     Gourm    .   (shield restricted)
rNeg     + . .     Faith    .   p - +2 robe {rN+}
rPois    .         Spirit   .   (no helmet)
rElec    .         Reflect  .   (no cloak)
rCorr    .         Harm     .   (no gloves)
MR       .....                  (no boots)
Stlth    ++........             (no amulet)
HPRegen  0.19/turn              (no ring)
MPRegen  0.11/turn              (no ring)

@: no status effects
A: small, mutation resistance 1
a: Renounce Religion


You were on level 7 of the Dungeon.
You worshipped Nemelex Xobeh.
Nemelex Xobeh was aware of your devotion.
You were not hungry.

You visited 1 branch of the dungeon, and saw 7 of its levels.

You collected 371 gold pieces.

Inventory:

Hand Weapons
 a - a +2 hunting sling (weapon)
 b - a +1 short sword of venom
 g - a +2 dagger of draining
 A - a +3 long sword
Missiles
 e - 125 stones (quivered)
 t - a throwing net
Armour
 c - a +0 leather armour
 p - a +2 robe of positive energy (worn)
Jewellery
 r - a +3 ring of dexterity {unknown}
Wands
 k - a wand of iceblast (12)
 w - a wand of enslavement (10)
Scrolls
 h - a scroll of immolation
 i - 3 scrolls of amnesia
 m - 6 scrolls of identify
 o - 3 scrolls of teleportation
 v - a scroll of remove curse
 y - a scroll of enchant weapon
 B - a scroll of magic mapping {unknown}
Potions
 j - 5 potions of curing
 l - 2 potions of berserk rage {unknown}
 n - a potion of lignification {unknown}
 q - a potion of invisibility {unknown}
 s - a potion of agility {unknown}
 x - a potion of resistance {unknown}
Miscellaneous
 u - a plain deck of destruction
Comestibles
 f - 15 rations


   Skills:
 + Level 5.9 Fighting
 + Level 10.4 Slings
 - Level 2.1 Dodging
 - Level 1.1 Stealth


You had 7 spell levels left.
You didn't know any spells.
Your spell library was empty.

Dungeon Overview and Level Annotations

Branches:
Dungeon (7/15)             Temple (0/1) D:5

Altars:
Elyvilon
Fedhas
Gozag
Nemelex Xobeh
Trog
Xom
Yredelemnul
Zin
The Shining One

Annotations:
D:7 Joseph


Innate Abilities, Weirdness & Mutations

You are small and have problems with some larger weapons.
You are somewhat resistant to further mutation.


Message History

* * * LOW HITPOINT WARNING * * *
Firing (i - inventory. (/) - cycle)
e - 128 stones (quivered)
Press: ? - help, Shift-Dir - straight line, f/p - Joseph
Aim: Joseph, wielding a hunting sling and wearing a leather armour (heavily You shoot a stone.
The stone closely misses Joseph.
Firing (i - inventory. (/) - cycle)
e - 127 stones (quivered)
Press: ? - help, Shift-Dir - straight line, f/p - Joseph
Aim: Joseph, wielding a hunting sling and wearing a leather armour (heavily You shoot a stone.
The stone hits Joseph.
Joseph is heavily wounded.
Joseph shoots a sling bullet.
The sling bullet hits you!
* * * LOW HITPOINT WARNING * * *
Firing (i - inventory. (/) - cycle)
e - 126 stones (quivered)
Press: ? - help, Shift-Dir - straight line, f/p - Joseph
Aim: Joseph, wielding a hunting sling and wearing a leather armour (heavily You shoot a stone.
The stone hits Joseph.
Joseph is severely wounded.
Joseph shoots a sling bullet.
The sling bullet hits you!
You die...
Your body disappears without a glow.

###+ #+########
....###....#...##
................#
................#
..............@.#
................#
.......<........#
#.....##...##....#
##..... #...##....#
..................#
..........@.....#
........((.....#
#..##...##...


You could see Joseph.

Vanquished Creatures
  A black bear (D:6)
  A centaur (D:5)
  A bullfrog (D:6)
  A water moccasin skeleton (D:6)
  3 crimson imps
  A hound (D:5)
  A jelly (D:6)
  3 orc priests
  An orc wizard (D:4)
  2 iguanas
  2 worker ants (D:4)
  4 gnolls (D:6)
  3 adders
  An ooze (D:1)
  A worm (D:3)
  5 dart slugs
  2 leopard geckos
  18 orcs
  4 bats
  3 giant cockroaches
  4 goblins
  8 hobgoblins
  7 jackals
  8 kobolds
  3 quokkas (D:3)
  7 frilled lizards
  A jackal skeleton (D:6)
  A leopard gecko skeleton (D:5)
  A quokka skeleton (D:6)
  6 rats
104 creatures vanquished.

Notes
Turn   | Place    | Note
-------+----------+-------------------------------------------
     0 | D:1      | mandick the Halfling Hunter began the quest for the Orb.
     0 | D:1      | Reached XP level 1. HP: 14/14 MP: 1/1
     0 | D:1      | Noticed an ice dragon
     0 | D:1      | Noticed a black draconian
     1 | D:1      | Noticed an orb of fire
     3 | D:1      | Noticed an orb of fire
     6 | D:1      | Noticed an ice dragon
     8 | D:1      | Noticed an iron dragon
     9 | D:1      | Noticed an orb of fire
    12 | D:1      | Noticed a shadow dragon
    14 | D:1      | Noticed a shadow dragon
    14 | D:1      | Noticed a tentacled monstrosity
    16 | D:1      | Noticed a tentacled monstrosity
    18 | D:1      | Noticed a red draconian
    18 | D:1      | Noticed an orb of fire
    18 | D:1      | Noticed a green draconian
    20 | D:1      | Noticed a shadow dragon
    20 | D:1      | Noticed a white draconian
    22 | D:1      | Noticed a yellow draconian
    47 | D:1      | Reached skill level 6 in Slings
    97 | D:1      | Reached XP level 2. HP: 19/19 MP: 2/2
   267 | D:1      | Reached XP level 3. HP: 25/25 MP: 3/3
   948 | D:2      | Found a white marble altar of Elyvilon.
  1198 | D:2      | Found an opulent altar of Gozag.
  1296 | D:2      | Reached XP level 4. HP: 30/30 MP: 4/4
  1565 | D:3      | Reached skill level 7 in Slings
  2233 | D:4      | Reached XP level 5. HP: 36/36 MP: 5/5
  2514 | D:4      | Found a shimmering altar of Xom.
  2514 | D:4      | Found a basalt altar of Yredelemnul.
  2515 | D:4      | Found a sparkling altar of Nemelex Xobeh.
  2515 | D:4      | Found a glowing silver altar of Zin.
  2520 | D:4      | Reached skill level 8 in Slings
  2520 | D:4      | Reached XP level 6. HP: 43/43 MP: 6/6
  2540 | D:4      | Became a worshipper of Nemelex Xobeh the Trickster
  2811 | D:4      | Received a gift from Nemelex Xobeh
  2876 | D:4      | Found a glowing golden altar of the Shining One.
  2933 | D:5      | Entered Level 5 of the Dungeon
  3518 | D:5      | Reached * piety under Nemelex Xobeh
  3593 | D:5      | Reached XP level 7. HP: 6/49 MP: 7/7
  3806 | D:5      | Reached skill level 9 in Slings
  3878 | D:5      | Found a staircase to the Ecumenical Temple.
  4160 | D:6      | Reached skill level 5 in Fighting
  4318 | D:6      | Found a bloodstained altar of Trog.
  4470 | D:6      | Reached skill level 10 in Slings
  4470 | D:6      | Reached XP level 8. HP: 56/56 MP: 8/8
  4814 | D:7      | Found a blossoming altar of Fedhas.
  4814 | D:7      | Noticed Joseph
  4884 | D:7      | Shot with a sling bullet by Joseph

Vault maps used:
D:1:      shiori_arrival_whats_in_store_for_you
D:2:      lemuel_crystal_altar, nicolae_gozag_cash_rules_everything_around_me
D:3:      minmay_misc_feat_encased
D:4:      nicolae_overflow_crystal_walls,
          chequers_temple_overflow_statue_of_worship, item_on_display_a
D:5:      minmay_temple_entry_trees, first_ration
D:6:      lemuel_doored_altar
D:7:      slow_altar_1, nicolae_overflow_hidden_temple,
          lemuel_coloured_pillars_altar, basic_altar, uniq_joseph

Skill      XL: |  1  2  3  4  5  6  7 |
---------------+----------------------+-----
Slings         | 6 7 8 10 | 10.4
Fighting       | 2 3 4 5 |  5.9
Dodging        | |  2.1
Stealth        | |  1.1

Action                   |  1- 3 |  4- 6 |  7- 9 || total
-------------------------+-------+-------+-------++-------
Melee: Short sword       |       |    18 |       ||    18
 Fire: Hunting sling     |    75 |   129 |   146 ||   350
  Use: Scroll            |       |    10 |       ||    10
  Eat: Chunk             |     1 |     6 |     5 ||    12
Armor: Leather armour    |     3 |       |       ||     3
       Robe              |       |     6 |     4 ||    10
Dodge: Dodged            |    14 |    26 |    23 ||    63

Table legend:
 A = Non-vault XP
 B = Vault XP
 C = Vault XP percentage of total XP
 D = Non-vault monster count
 E = Vault monster count
 F = Vault count percentage of total count
                 A         B        C        D         E       F
            +---------+---------+-------+---------+---------+-------
      Total |    1213 |       0 |   0.0 |     104 |       0 |   0.0
            +---------+---------+-------+---------+---------+-------
        D:1 |      50 |       0 |   0.0 |      24 |       0 |   0.0
        D:2 |      19 |       0 |   0.0 |      10 |       0 |   0.0
        D:3 |      68 |       0 |   0.0 |      25 |       0 |   0.0
        D:4 |     277 |       0 |   0.0 |      21 |       0 |   0.0
        D:5 |     254 |       0 |   0.0 |       6 |       0 |   0.0
        D:6 |     545 |       0 |   0.0 |      18 |       0 |   0.0
            +---------+---------+-------+---------+---------+-------
